 Dungeon Crawl Stone Soup version 0.22-a0-185-ge330310 (webtiles) character file.

6881 Amnesiac the Geomancer (level 10, -5/63 HPs)
             Began as a Mummy Earth Elementalist on Feb 15, 2018.
             Slain by a phantom (7 damage)
             ... on level 8 of the Dungeon.
             The game lasted 00:22:29 (13075 turns).

Amnesiac the Geomancer (Mummy Earth Elementalist)  Turns: 13075, Time: 00:22:30

Health: -5/63      AC:  3    Str: 12    XL:     10   Next: 79%
Magic:  4/24       EV: 15    Int: 18    God:
Gold:   305        SH:  0    Dex: 15    Spells: 14/30 levels left

rFire    x . .     SeeInvis .   a - +0 dagger (venom)
rCold    + . .     Gourm    .   (no shield)
rNeg     + + +     Faith    .   c - +0 robe
rPois    ∞         Spirit   .   (no helmet)
rElec    .         Reflect  .   F - scarf {repulsion}
rCorr    .         Harm     .   (no gloves)
MR       +....                  s - +0 pair of boots
Stlth    +++.......             H - amulet of inaccuracy (curse)
HPRegen  0.20/turn              f - +3 ring of evasion
MPRegen  0.19/turn              B - +3 ring of dexterity

@: repel missiles
A: no food or potions, fire vulnerability, cold resistance 1, negative energy
resistance 3, torment resistance, unbreathing
a: no special abilities


You were on level 8 of the Dungeon.
You were not hungry.

You visited 2 branches of the dungeon, and saw 10 of its levels.

You collected 336 gold pieces.
You spent 31 gold pieces at shops.

Inventory:

Hand Weapons
 a - a +0 dagger of venom (weapon)
 b - a +0 hunting sling
 e - a +2 dagger of flaming
 D - a +0 falchion of flaming
 G - a +0 dagger of speed
Missiles
 h - a throwing net
 k - 47 sling bullets
 m - 8 poisoned needles
 o - 220 stones (quivered)
Armour
 c - a +0 robe (worn)
 q - a +0 cloak
 s - a +0 pair of boots (worn)
 A - a +0 buckler
 F - a scarf of repulsion (worn)
Jewellery
 f - a +3 ring of evasion (left hand)
 p - an uncursed amulet of faith
 x - an uncursed amulet of guardian spirit
 B - a +3 ring of dexterity (right hand)
 H - a cursed amulet of inaccuracy (around neck)
Wands
 r - a wand of acid (12)
 u - a wand of digging (5)
 w - a wand of iceblast (12)
 y - a wand of disintegration (8)
Scrolls
 g - 9 scrolls of identify {!r}
 i - 5 scrolls of teleportation {!r}
 l - 7 scrolls of remove curse {!r, unknown}
 n - 3 scrolls of enchant weapon {!r, unknown}
 t - 3 scrolls of amnesia {!r, unknown}
 v - a scroll of blinking {!r, unknown}
 C - a scroll of enchant armour {!r, unknown}
 E - a scroll of vulnerability {!r, unknown}
Books
 d - a book of Geomancy

   Spells                             Type                      Level
   a - Sandblast                      Earth                        1
   b - Passwall                       Transmutation/Earth          2
   c - Stone Arrow                    Conjuration/Earth            3
   d - Petrify                        Transmutation/Earth          4
   e - Lee's Rapid Deconstruction     Earth                        5
 j - a book of Cantrips

   Spells                             Type                      Level
   a - Confusing Touch                Hexes                        1
   b - Animate Skeleton               Necromancy                   1
   c - Summon Small Mammal            Summoning                    1
   d - Apportation                    Translocation                1
 z - a book of Flames

   Spells                             Type                      Level
   a - Flame Tongue                   Conjuration/Fire             1
   b - Throw Flame                    Conjuration/Fire             2
   c - Conjure Flame                  Conjuration/Fire             3
   d - Inner Flame                    Hexes/Fire                   3
   e - Sticky Flame                   Conjuration/Fire             4
   f - Fireball                       Conjuration/Fire             5


   Skills:
 - Level 4.0 Short Blades
 - Level 1.5 Dodging
 - Level 4.0 Stealth
 + Level 0.9 Shields
 - Level 10.6 Spellcasting
 - Level 1.0 Transmutations
 - Level 10.7 Earth Magic


You had 14 spell levels left.
You knew the following spells:

 Your Spells              Type           Power        Failure   Level  Hunger
a - Stone Arrow           Conj/Erth      ####..       2%          3    N/A
b - Passwall              Tmut/Erth      ####......   1%          2    N/A
c - Sandblast             Erth           #####.       1%          1    N/A
d - Lee's Rapid Deconstr  Erth           #####.....   2%          5    N/A
e - Petrify               Tmut/Erth      ####....     6%          4    N/A
z - Confusing Touch       Hex            #.....       8%          1    N/A

Dungeon Overview and Level Annotations

Branches:
Dungeon (9/15)             Temple (1/1) D:5            Lair (0/6) D:9
    Orc: D:9-12

Altars:
Cheibriados
Dithmenos
Elyvilon
Fedhas
Gozag
Hepliaklqana
Kikubaaqudgha
Makhleb
Okawaru
Qazlal
Ru
Sif Muna
Trog
Uskayaw
Vehumet
Wu Jian
Xom
Yredelemnul
Zin
The Shining One

Shops:
D:6 =   D:9 %?*

Annotations:
D:4 exclusion: oklob plant


Innate Abilities, Weirdness & Mutations

You do not eat or drink.
Your flesh is vulnerable to fire.
You are immune to poison.
Your flesh is cold resistant. (rC+)
You are immune to negative energy. (rN+++)
You are immune to unholy pain and torment.
You can survive without breathing.


Message History

Confirm with . or Enter, or press ? or * to list all spells.
Aiming: Stone Arrow (safe; 2% risk of failure)
Press: ? - help, Shift-Dir - straight line, f/p - phantom
Aim: a phantom (lightly damaged)
The stone arrow misses the phantom.
The phantom misses you.
Casting: Stone Arrow (safe; 2% risk of failure)
Confirm with . or Enter, or press ? or * to list all spells.
You don't have enough magic to cast that spell.
Casting: Stone Arrow (safe; 2% risk of failure)
Confirm with . or Enter, or press ? or * to list all spells.
Aiming: Sandblast (safe; 1% risk of failure)
Press: ? - help, Shift-Dir - straight line, f/p - phantom
Aim: a phantom (lightly damaged)
The blast of sand misses the phantom.
o - 220 stones The phantom barely misses you.
You miss the phantom.
The phantom is lightly damaged.
The phantom hits you but does no damage.
You hit the phantom but do no damage.
The phantom is lightly damaged.
The phantom misses you.
You miss the phantom.
The phantom is lightly damaged.
You hit the phantom but do no damage.
The phantom is lightly damaged.
The phantom hits you.
* * * LOW HITPOINT WARNING * * *
You hit the phantom but do no damage.
The phantom is lightly damaged.
The phantom misses you.
You hit the phantom.
The phantom is moderately damaged.
The phantom closely misses you.
You hit the phantom but do no damage.
The phantom is moderately damaged.
The phantom barely misses you.
You barely miss the phantom.
The phantom is moderately damaged.
You closely miss the phantom.
The phantom is moderately damaged.
The phantom closely misses you.
You miss the phantom.
The phantom is moderately damaged.
The phantom hits you.
* * * LOW HITPOINT WARNING * * *
You closely miss the phantom.
The phantom is moderately damaged.
The phantom blinks!
The phantom misses you.
You hit the phantom but do no damage.
The phantom is lightly damaged.
The phantom hits you!
* * * LOW HITPOINT WARNING * * *
You miss the phantom.
The phantom is lightly damaged.
You closely miss the phantom.
The phantom is lightly damaged.
The phantom blinks!
The phantom barely misses you.
You hit the phantom.
The phantom is lightly damaged.
The phantom hits you!
You die...

##.##.## #.# # #.#....#
#.# ## # .###...#
#.##.## .
#.#....########.#...###
...
............)).........
....
##....#########.#...###
.... .....## #.# .##
...# .....# ####.####
.. .....# #...§@W.#
.....# #.##.##.# ....<#
#.##.# # ####.# #.##..
.....# #.##### ###.##
#.# # #.# #.. # #.# ###
# #.#


You could see a phantom.

Vanquished Creatures
  A hydra (D:9)
  Erolcha (D:9)
  Grinder (D:3)
  2 dream sheep (D:9)
  Eustachio (D:4)
  3 yaks (D:9)
  2 hungry ghosts
  The ghost of 4thArraOfDagon the Sneak, an amateur OpEn (D:5)
  3 porcupines (D:9)
  3 orc warriors
  2 sky beasts
  A black bear (D:9)
  A phantom (D:7)
  2 ice beasts
  10 ogres
  4 big kobolds
  5 bullfrogs
  2 scorpions
  5 wights (D:8)
  3 howler monkeys
  An electric eel (D:8)
  2 crimson imps (D:6)
  A bullfrog zombie (D:5)
  A centaur zombie (D:5)
  A hound (D:4)
  2 orc priests
  5 orc wizards
  3 bullfrog skeletons
  2 iguanas
  6 worker ants
  A killer bee zombie (D:9)
  2 worker ant zombies (D:9)
  3 gnolls (D:2)
  8 adders
  4 shadow imps
  3 oozes
  An adder zombie (D:9)
  2 adder skeletons
  5 worms
  3 dart slugs
  7 leopard geckos
  22 orcs
  2 ball pythons
  15 giant cockroaches
  8 goblins
  A hobgoblin (D:1)
  15 jackals
  4 quokkas
  5 bats
  5 frilled lizards
  15 kobolds
  A leopard gecko skeleton (D:6)
  6 rats
  A plant (D:4)
216 creatures vanquished.

Vanquished Creatures (others)
  23 fungi
  4 plants
  14 toadstools (D:4)
41 creatures vanquished.

Grand Total: 257 creatures vanquished

Notes
Turn   | Place    | Note
-------+----------+-------------------------------------------
     0 | D:1      | Amnesiac the Mummy Earth Elementalist began the quest for the Orb.
     0 | D:1      | Reached XP level 1. HP: 13/13 MP: 4/4
   146 | D:1      | Reached XP level 2. HP: 18/19 MP: 2/5
   255 | D:2      | Learned a level 2 spell: Passwall
   503 | D:2      | Reached XP level 3. HP: 22/24 MP: 4/7
   829 | D:2      | Found a bloodstained altar of Trog.
   845 | D:2      | Found an ornate altar of the Wu Jian Council.
   845 | D:2      | Found a basalt altar of Yredelemnul.
   898 | D:3      | Found an ancient bone altar of Kikubaaqudgha.
   912 | D:3      | Noticed Grinder
  1147 | D:4      | Noticed an ogre
  1192 | D:5      | Entered Level 5 of the Dungeon
  1219 | D:5      | Reached skill level 1 in Short Blades
  1219 | D:5      | Reached XP level 4. HP: 3/30 MP: 0/9
  1326 | D:5      | Noticed 4thArraOfDagon's ghost (amateur OpEn)
  1640 | D:5      | Learned a level 1 spell: Confusing Touch
  1648 | D:5      | Learned a level 4 spell: Petrify
  1715 | D:4      | Found an iron altar of Okawaru.
  1715 | D:4      | Noticed Eustachio
  1853 | D:4      | Killed an ogre
  1853 | D:4      | Reached XP level 5. HP: 20/35 MP: 5/11
  2164 | D:4      | Found a radiant altar of Vehumet.
  2234 | D:4      | Killed Eustachio
  2234 | D:4      | Reached skill level 5 in Spellcasting
  2234 | D:4      | Reached skill level 5 in Earth Magic
  2234 | D:4      | Reached XP level 6. HP: 35/41 MP: 4/13
  2586 | D:4      | Found a blossoming altar of Fedhas.
  2591 | D:4      | Reached XP level 7. HP: 46/46 MP: 10/15
  2608 | D:4      | Noticed an oklob plant
  2813 | D:4      | Learned a level 3 spell: Stone Arrow
  2819 | D:4      | Learned a level 5 spell: Lee's Rapid Deconstruction
  3352 | D:5      | Found a staircase to the Ecumenical Temple.
  3361 | Temple   | Entered the Ecumenical Temple
  3524 | D:2      | Found a hide-covered altar of Uskayaw.
  5155 | D:3      | Paralysed by Grinder for 3 turns
  5165 | D:3      | Killed Grinder
  5841 | D:5      | Killed 4thArraOfDagon's ghost
  5841 | D:5      | Reached XP level 8. HP: 52/52 MP: 7/18
  7639 | D:6      | Found Xarghud's Jewellery Shop.
  8018 | D:7      | You fall through a shaft for 2 floors!
  8211 | D:9      | Noticed a dream sheep
  8211 | D:9      | Noticed a dream sheep
  8229 | D:9      | Reached XP level 9. HP: 57/57 MP: 0/21
  8468 | D:9      | Noticed a three-headed hydra
  8875 | D:9      | Killed a one-headed hydra
  9025 | D:9      | Found Ogoqoj's Assorted Antiques.
  9033 | D:9      | Bought a scroll labeled HIBOEG SASUO for 31 gold pieces
  9258 | D:9      | Found Peylem's Magic Scroll Shoppe.
  9618 | D:9      | Reached skill level 1 in Transmutations
  9618 | D:9      | Reached XP level 10. HP: 63/63 MP: 2/23
 10115 | D:9      | Found a staircase to the Lair.
 10288 | D:9      | Found Oduxox's Food Shop.
 10375 | D:9      | Noticed Erolcha
 10380 | D:9      | Killed Erolcha
 10380 | D:9      | Reached skill level 10 in Earth Magic
 10526 | D:9      | Reached skill level 10 in Spellcasting
 13070 | D:8      | HP: 2/63 [phantom (8)]
 13075 | D:8      | Slain by a phantom

Vault maps used:
D:1:      minmay_arrival_split_and_join, nrook_uturn, minmay_misc_feat_chi,
          minmay_bisected
D:2:      minmay_roachtagon, eat_drink_and_be_merry_uskayaw,
          gammafunk_temple_overflow_elements, trog_book
D:3:      nicolae_overflow_hidden_temple, kennysheep_generic_room_9,
          uniq_grinder
D:4:      lemuel_crystal_altar, lemuel_crystal_altar, tgw_fedhas, first_ration,
          uniq_eustachio
D:5:      temple_hall, minmay_splitting_lines
D:6:      serial_shops, shop
D:8:      overflow_temple_1_default, kennysheep_mini_moat, fountainhead,
          uniq_psyche
D:9:      due_lair_maze_entry_diamond, serial_shops, shop, shop,
          nicolae_shop_trees, serial_co_window_serial, co_window_paths_b,
          co_window_of_opportunity_a, co_window_corner_a,
          co_window_of_opportunity_a, co_window_corner_a,
          co_window_of_opportunity_b, co_window_unsneaky_path_a,
          co_window_unsneaky_path_a, co_window_corner_cb,
          co_window_unsneaky_path_b, co_window_broadway_a, co_window_paths_d,
          co_window_4corner_b, glass_columns_a, glass_columns_b,
          glass_columns_a, glass_columns_c, glass_columns_b, hangedman_ranch,
          uniq_erolcha
Temple:   cyrus_circular_temple

Skill      XL: |  1  2  3  4  5  6  7  8  9 10 |
---------------+-------------------------------+-----
Spellcasting   | 3 4 5 6 8 9 10 | 10.6
Earth Magic    | 3 4 5 6 8 9 10 | 10.7
Short Blades   | 1 2 3 4 |  4.0
Stealth        | 2 3 4 |  4.0
Transmutations | 1 |  1.0
Dodging        | |  1.5
Shields        | |  0.9

Action                   |  1- 3 |  4- 6 |  7- 9 | 10-12 || total
-------------------------+-------+-------+-------+-------++-------
Melee: Unarmed           |    22 |     7 |    45 |       ||    74
       Dagger            |    47 |    26 |    72 |    47 ||   192
       Hunting sling     |       |       |     1 |       ||     1
       Falchion          |       |       |     8 |       ||     8
 Fire: Hunting sling     |       |    33 |    10 |       ||    43
Throw: Stone             |       |     1 |       |       ||     1
 Cast: Sandblast         |    51 |    38 |    30 |     3 ||   122
       Passwall          |     4 |       |     6 |     2 ||    12
       Confusing Touch   |       |     4 |     3 |       ||     7
       Stone Arrow       |       |       |   157 |   122 ||   279
       Petrify           |       |       |     6 |       ||     6
       Lee's Rapid Decon |       |       |     2 |       ||     2
  Use: Scroll            |       |     2 |       |       ||     2
 Stab: Sleeping          |     7 |       |     2 |     2 ||    11
       Confused          |       |     1 |       |       ||     1
       Petrified         |       |       |     8 |       ||     8
       Petrifying        |       |       |     1 |       ||     1
Armor: Robe              |    15 |     2 |    23 |    11 ||    51
Dodge: Dodged            |    77 |    44 |   140 |    43 ||   304
       Rpst.: Falchion   |       |       |     2 |       ||     2

Table legend:
 A = Spawn XP
 B = Non-spawn XP
 C = Spawn XP percentage of total XP
 D = Spawn monster count
 E = Non-spawn monster count
 F = Spawn count percentage of total count
 G = Total turns spent on level
                    A         B        C        D         E        F      G
               +---------+---------+-------+---------+---------+-------+---------
         Total |       0 |    9830 |   0.0 |       0 |     215 |   0.0 | 13075
               +---------+---------+-------+---------+---------+-------+---------
           D:1 |       0 |      62 |   0.0 |       0 |      29 |   0.0 |  1168
           D:2 |       0 |     103 |   0.0 |       0 |      29 |   0.0 |  1282
           D:3 |       0 |     343 |   0.0 |       0 |      19 |   0.0 |   988
           D:4 |       0 |     739 |   0.0 |       0 |      24 |   0.0 |  2006
           D:5 |       0 |     500 |   0.0 |       0 |      17 |   0.0 |  1935
           D:6 |       0 |     943 |   0.0 |       0 |      20 |   0.0 |  1274
           D:7 |       0 |     321 |   0.0 |       0 |      10 |   0.0 |   608
           D:8 |       0 |    1876 |   0.0 |       0 |      32 |   0.0 |   985
           D:9 |       0 |    4943 |   0.0 |       0 |      35 |   0.0 |  2785
               +---------+---------+-------+---------+---------+-------+---------
